IL
SACRAMENTO RIVER CATS @ LOUISVILLE BATS
05/28/2052
 
TOP OF THE 1ST
Sacramento River Cats batting - Pitching for Louisville Bats : RHP Jon Glenn
Pitching: RHP Jon Glenn
Batting: RHB Justin Bonner 0-0: Ball
1-0: Ball
2-0: Foul Ball, location: 5DF
2-1: Ground out 6-3 (Groundball, 56, EV 81.3 MPH)
Batting: RHB Paul Holland 0-0: Ball
1-0: DOUBLE (Flyball, 8RXD, EV 98.1 MPH)
Batting: LHB Mason Duffy 0-0: Called Strike
0-1: Ball
1-1: Foul Ball, location: 2F
1-2: Foul Ball, location: 7LMF
1-2: Ground out 4-3 (Groundball, 4S, EV 73.8 MPH)
Paul Holland to third
Batting: RHB Brian Rogers 0-0: Foul Ball, location: 2F
0-1: Ball
1-1: Called Strike
1-2: Strikes out looking
Top of the 1st over - 0 runs, 1 hit, 0 errors, 1 left on base; Sacramento 0 - Louisville 0
BOTTOM OF THE 1ST
Louisville Bats batting - Pitching for Sacramento River Cats : LHP Michael Twigg
Pitching: LHP Michael Twigg
Batting: RHB Alex de Leon 0-0: Ball
1-0: Called Strike
1-1: Ball
2-1: SINGLE (Groundball, 25, EV 67.5 MPH) (infield hit)
Batting: RHB Juan Zamora 0-0: Sac Bunt to 25 - play at first, batter OUT! 5-3
Alex de Leon to second
Batting: RHB Juan Reyes 0-0: Foul Ball, location: 3F
0-1: Fly out, F9 (Flyball, 89S, EV 85.6 MPH)
Batting: SHB Jaivata Mohanty 0-0: Called Strike
0-1: Ball
1-1: Ball
2-1: Ball
3-1: Base on Balls
Batting: LHB Jamie Spangenberg 0-0: Called Strike
0-1: Hit by Pitch
Alex de Leon to third
Jaivata Mohanty to second
Batting: RHB Ernie Maldonado 0-0: Ball
1-0: Swinging Strike
1-1: Ball
2-1: Swinging Strike
2-2: Strikes out looking
Bottom of the 1st over - 0 runs, 1 hit, 0 errors, 3 left on base; Sacramento 0 - Louisville 0
TOP OF THE 2ND
Sacramento River Cats batting - Pitching for Louisville Bats : RHP Jon Glenn
Batting: RHB Alex Peguero 0-0: Called Strike
0-1: Called Strike
0-2: Strikes out swinging
Batting: LHB Steve Nevis 0-0: Ball
1-0: Ground out 6-3 (Groundball, 6MS, EV 84.4 MPH)
Batting: RHB Vinny Vasquez 0-0: Ball
1-0: Called Strike
1-1: Called Strike
1-2: Foul Ball, location: 9LSF
1-2: Ball
2-2: Strikes out swinging
Top of the 2nd over - 0 runs, 0 hits, 0 errors, 0 left on base; Sacramento 0 - Louisville 0
BOTTOM OF THE 2ND
Louisville Bats batting - Pitching for Sacramento River Cats : LHP Michael Twigg
Batting: RHB Nick Moreno 0-0: Called Strike
0-1: Ball
1-1: Called Strike
1-2: Ball
2-2: Ball
3-2: Foul Ball, location: 23FF
3-2: Base on Balls
Batting: LHB Jorge Zarazua 0-0: Ball
1-0: Ball
2-0: Ball
3-0: Base on Balls
Nick Moreno to second
Batting: RHB Gabe Ochoa 0-0: Fielders Choice at 2nd, 5-4 (Groundball, 56S, EV 88.1 MPH)
Nick Moreno to third
Batting: RHB Alex de Leon 0-0: Ball
1-0: Foul Ball, location: 9LMF
1-1: Ball
2-1: Foul Ball, location: 9LDF
2-2: Fly out, F3 (Popup, 3SF, EV 85.6 MPH)
Batting: RHB Juan Zamora 0-0: Ball
1-0: Fly out, F9 (Flyball, 89D, EV 98.1 MPH)
Bottom of the 2nd over - 0 runs, 0 hits, 0 errors, 2 left on base; Sacramento 0 - Louisville 0
TOP OF THE 3RD
Sacramento River Cats batting - Pitching for Louisville Bats : RHP Jon Glenn
Batting: RHB Aaron Burress 0-0: Ball
1-0: Ball
2-0: Swinging Strike
2-1: Foul Ball, location: 2F
2-2: Ball
3-2: Strikes out swinging
Batting: RHB Matt Fabre 0-0: Ball
1-0: Swinging Strike
1-1: Ball
2-1: Foul Ball, location: 3F
2-2: Foul Ball, location: 9LMF
2-2: Fly out, F5 (Popup, 56, EV 71.3 MPH)
Batting: RHB Justin Bonner 0-0: Ball
1-0: Fly out, F8 (Flyball, 8LD, EV 97.5 MPH)
Top of the 3rd over - 0 runs, 0 hits, 0 errors, 0 left on base; Sacramento 0 - Louisville 0
BOTTOM OF THE 3RD
Louisville Bats batting - Pitching for Sacramento River Cats : LHP Michael Twigg
Batting: RHB Juan Reyes 0-0: Ball
1-0: Ball
2-0: Ball
3-0: Called Strike
3-1: Called Strike
3-2: Fly out, F8 (Flyball, 8RM, EV 95.6 MPH)
Batting: SHB Jaivata Mohanty 0-0: Ball
1-0: Ground out 5-3 (Groundball, 5, EV 80.6 MPH)
Batting: LHB Jamie Spangenberg 0-0: Called Strike
0-1: DOUBLE (Line Drive, 7LD, EV 104.4 MPH)
Batting: RHB Ernie Maldonado 0-0: Called Strike
0-1: Foul Ball, location: 23FF
0-2: Strikes out looking
Bottom of the 3rd over - 0 runs, 1 hit, 0 errors, 1 left on base; Sacramento 0 - Louisville 0
TOP OF THE 4TH
Sacramento River Cats batting - Pitching for Louisville Bats : RHP Jon Glenn
Batting: RHB Paul Holland 0-0: Called Strike
0-1: Ball
1-1: Foul Ball, location: 2F
1-2: Ball
2-2: SINGLE (Flyball, 8RS, EV 92.5 MPH)
Batting: LHB Mason Duffy 0-0: Called Strike
0-1: Foul Ball, location: 7LMF
0-2: Ball
1-2: Ball
2-2: Foul Ball, location: 2F
2-2: Ball
3-2: Foul Ball, location: 2F
3-2: 2-RUN HOME RUN (Flyball, 9D, EV 98.1 MPH), Distance : 365 ft
Batting: RHB Brian Rogers 0-0: Called Strike
0-1: Ball
1-1: Ball
2-1: Ball
3-1: DOUBLE (Line Drive, 78D, EV 110.0 MPH)
Batting: RHB Alex Peguero 0-0: Ball
1-0: Ball
2-0: Ball
3-0: Base on Balls
Batting: LHB Steve Nevis 0-0: Swinging Strike
0-1: Called Strike
0-2: Grounds into double play, 6-4-3 (Groundball, 6, EV 80.0 MPH)
Brian Rogers to third
Batting: RHB Vinny Vasquez 0-0: Swinging Strike
0-1: Ball
1-1: Swinging Strike
1-2: Ball
2-2: Fly out, F7 (Flyball, 78S, EV 83.8 MPH)
Top of the 4th over - 2 runs, 3 hits, 0 errors, 1 left on base; Sacramento 2 - Louisville 0
BOTTOM OF THE 4TH
Louisville Bats batting - Pitching for Sacramento River Cats : LHP Michael Twigg
Batting: RHB Nick Moreno 0-0: Ball
1-0: Foul Ball, location: 2F
1-1: Ball
2-1: Foul Ball, location: 7LSF
2-2: Strikes out swinging, 2-3 out at first.
Batting: LHB Jorge Zarazua 0-0: Foul Ball, location: 25FF
0-1: Ball
1-1: Swinging Strike
1-2: Foul Ball, location: 3FF
1-2: Ball
2-2: Fly out, F8 (Line Drive, 8RD, EV 88.1 MPH)
Batting: RHB Gabe Ochoa 0-0: Called Strike
0-1: Ground out 4-3 (Groundball, 4, EV 101.9 MPH)
Bottom of the 4th over - 0 runs, 0 hits, 0 errors, 0 left on base; Sacramento 2 - Louisville 0
TOP OF THE 5TH
Sacramento River Cats batting - Pitching for Louisville Bats : RHP Jon Glenn
Batting: RHB Aaron Burress 0-0: Ball
1-0: Ground out 1-3 (Groundball, P, EV 72.5 MPH)
Batting: RHB Matt Fabre 0-0: Swinging Strike
0-1: Foul Ball, location: 3FF
0-2: Ball
1-2: Strikes out swinging, 2-3 out at first.
Batting: RHB Justin Bonner 0-0: Ball
1-0: Swinging Strike
1-1: Ball
2-1: Ball
3-1: Base on Balls
Batting: RHB Paul Holland 0-0: Ball
1-0: Foul Ball, location: 9LDF
1-1: Ball
2-1: Foul Ball, location: 2F
2-2: Fly out, F8 (Flyball, 89M, EV 79.4 MPH)
Top of the 5th over - 0 runs, 0 hits, 0 errors, 1 left on base; Sacramento 2 - Louisville 0
BOTTOM OF THE 5TH
Louisville Bats batting - Pitching for Sacramento River Cats : LHP Michael Twigg
Batting: RHB Alex de Leon 0-0: Called Strike
0-1: Ball
1-1: Ball
2-1: Swinging Strike
2-2: Ball
3-2: Base on Balls
Batting: RHB Juan Zamora 0-0: Ball
1-0: Ball
2-0: Sac Bunt to 13 - play at first, batter OUT! 1-3
Alex de Leon to second
Batting: RHB Juan Reyes 0-0: Ball
1-0: Foul Ball, location: 2F
1-1: Fly out, F9 (Flyball, 9LM, EV 83.1 MPH)
Batting: SHB Jaivata Mohanty 0-0: Called Strike
0-1: Ball
1-1: Swinging Strike
1-2: Foul Ball, location: 2F
1-2: Ball
2-2: Ball
3-2: Base on Balls
Batting: LHB Jamie Spangenberg 0-0: Reached via error on a dropped throw from SS, E4 (Groundball, 6, EV 85.6 MPH)
Alex de Leon to third
Jaivata Mohanty to second
Batting: RHB Ernie Maldonado 0-0: Called Strike
0-1: Ball
1-1: Fielders Choice at 2nd, 6-4 (Groundball, 6, EV 90.0 MPH)
Bottom of the 5th over - 0 runs, 0 hits, 1 error, 3 left on base; Sacramento 2 - Louisville 0
TOP OF THE 6TH
Sacramento River Cats batting - Pitching for Louisville Bats : RHP Jon Glenn
Batting: LHB Mason Duffy 0-0: Ball
1-0: Foul Ball, location: 7LSF
1-1: Ball
2-1: Called Strike
2-2: Ground out 3-1 (Groundball, 34, EV 86.9 MPH)
Batting: RHB Brian Rogers 0-0: Called Strike
0-1: Ball
1-1: Ball
2-1: SINGLE (Line Drive, 56D, EV 66.9 MPH)
Pitching: RHP Steve Schultz
Batting: RHB Alex Peguero Pickoff Throw to First - Out! 1-3
0-0: Called Strike
0-1: Ball
1-1: SINGLE (Line Drive, 89M, EV 97.5 MPH)
Batting: LHB Steve Nevis 0-0: Called Strike
0-1: DOUBLE (Line Drive, 9LS, EV 97.5 MPH)
Alex Peguero to third
Batting: RHB Vinny Vasquez 0-0: Ball
1-0: Ball
2-0: Ball
3-0: Base on Balls
Batting: RHB Aaron Burress 0-0: Called Strike
0-1: Swinging Strike
0-2: SINGLE (Groundball, 34S, EV 71.3 MPH) (infield hit)
Alex Peguero scores
Steve Nevis to third
Vinny Vasquez to second
Batting: RHB Matt Fabre 0-0: Ball
1-0: Foul Ball, location: 2F
1-1: Foul Ball, location: 23F
1-2: Strikes out swinging
Top of the 6th over - 1 run, 4 hits, 0 errors, 3 left on base; Sacramento 3 - Louisville 0
BOTTOM OF THE 6TH
Louisville Bats batting - Pitching for Sacramento River Cats : LHP Michael Twigg
Batting: RHB Nick Moreno 0-0: Ball
1-0: Foul Ball, location: 5SF
1-1: Called Strike
1-2: Ball
2-2: Ball
3-2: Ground out 6-3 (Groundball, 6, EV 85.0 MPH)
Pitching: RHP Tony Nateras
Batting: LHB Jorge Zarazua 0-0: Ball
1-0: Ball
2-0: Ball
3-0: Called Strike
3-1: Ground out 4-3 (Groundball, 34, EV 78.8 MPH)
Batting: RHB Gabe Ochoa 0-0: Fly out, F8 (Line Drive, 8LD, EV 90.0 MPH)
Bottom of the 6th over - 0 runs, 0 hits, 0 errors, 0 left on base; Sacramento 3 - Louisville 0
TOP OF THE 7TH
Sacramento River Cats batting - Pitching for Louisville Bats : RHP Steve Schultz
Batting: RHB Justin Bonner 0-0: Ball
1-0: Foul Ball, location: 2F
1-1: SINGLE (Line Drive, 78S, EV 100.6 MPH)
Batting: RHB Paul Holland 0-0: Ball
1-0: Called Strike
1-1: Swinging Strike
1-2: Strikes out swinging
Batting: LHB Mason Duffy 0-0: Ball
1-0: Foul Ball, location: 25FF
1-1: Ball
2-1: Foul Ball, location: 25FF
2-2: Strikes out swinging
Batting: RHB Brian Rogers 0-0: Ball
1-0: Called Strike
1-1: Ball
2-1: Called Strike
2-2: Foul Ball, location: 9LSF
2-2: Foul Ball, location: 9LMF
2-2: Ball
3-2: Base on Balls
Justin Bonner to second
Batting: RHB Alex Peguero 0-0: Foul Ball, location: 2F
0-1: 3-RUN HOME RUN (Flyball, 89XD, EV 98.1 MPH), Distance : 398 ft
Pitching: RHP Cortez Laris
Batting: LHB Steve Nevis 0-0: Foul Ball, location: 2F
0-1: Ball
1-1: Ground out 5-3 (Groundball, 56, EV 89.4 MPH)
Top of the 7th over - 3 runs, 2 hits, 0 errors, 0 left on base; Sacramento 6 - Louisville 0
BOTTOM OF THE 7TH
Louisville Bats batting - Pitching for Sacramento River Cats : RHP Tony Nateras
Batting: RHB Alex de Leon 0-0: Called Strike
0-1: Ball
1-1: Ball
2-1: SINGLE (Groundball, 6D, EV 96.3 MPH)
Batting: RHB Juan Zamora 0-0: Ball
1-0: Foul Ball, location: 3F
1-1: Fielders Choice at 2nd, 4-6 (Groundball, 13, EV 81.3 MPH)
Now at 2B: Curt Earnest
Now at SS: Justin Bonner
Batting: RHB Juan Reyes 0-0: Ball
1-0: Ball
2-0: Ball
3-0: Base on Balls
Juan Zamora to second
Batting: SHB Jaivata Mohanty 0-0: Called Strike
0-1: SINGLE (Groundball, 4D, EV 97.5 MPH)
Juan Zamora to third
Juan Reyes to second
Batting: LHB Jamie Spangenberg 0-0: SINGLE (Line Drive, 6M, EV 94.4 MPH)
Juan Zamora scores
Juan Reyes to third
Jaivata Mohanty to second
Batting: RHB Ernie Maldonado 0-0: Swinging Strike
0-1: SINGLE (Line Drive, 89M, EV 100.6 MPH)
Juan Reyes scores
Jaivata Mohanty to third
Jamie Spangenberg to second
Pinch Hitting: LHB Cesar Arteaga 0-0: Ball
1-0: Fly out, F8 (Flyball, 8LD, EV 88.8 MPH)
Runner from 3rd tags up, SCORES, throw by CF
Batting: LHB Jorge Zarazua 0-0: Called Strike
0-1: Ball
1-1: Ball
2-1: Ball
3-1: Foul Ball, location: 5SF
3-2: Foul Ball, location: 9LMFF
3-2: Foul Ball, location: 3FF
3-2: Ground out U3 (Groundball, 3, EV 85.0 MPH)
Bottom of the 7th over - 3 runs, 4 hits, 0 errors, 2 left on base; Sacramento 6 - Louisville 3
TOP OF THE 8TH
Sacramento River Cats batting - Pitching for Louisville Bats : RHP Cortez Laris
Now in CF: Badr al Din Ridha
Batting: RHB Curt Earnest 0-0: Ball
1-0: Swinging Strike
1-1: Called Strike
1-2: Ball
2-2: Ball
3-2: Base on Balls
Batting: RHB Aaron Burress 0-0: Ball
1-0: Called Strike
1-1: Foul Ball, location: 7LSFF
1-2: Ball
2-2: Grounds into double play, 5-4-3 (Groundball, 56, EV 105.6 MPH)
Batting: RHB Matt Fabre 0-0: Foul Ball, location: 9LDF
0-1: Ball
1-1: Called Strike
1-2: Ball
2-2: Foul Ball, location: 9LSF
2-2: Foul Ball, location: 2F
2-2: Ball
3-2: Strikes out looking
Top of the 8th over - 0 runs, 0 hits, 0 errors, 0 left on base; Sacramento 6 - Louisville 3
BOTTOM OF THE 8TH
Louisville Bats batting - Pitching for Sacramento River Cats : RHP Tony Nateras
Pitching: RHP Chad Steffee
Batting: RHB Gabe Ochoa 0-0: Ball
1-0: Ball
2-0: Called Strike
2-1: Ground out U3 (Groundball, 3L, EV 88.8 MPH)
Batting: RHB Alex de Leon 0-0: Ball
1-0: Foul Ball, location: 2F
1-1: Ball
2-1: Ball
3-1: Called Strike
3-2: Base on Balls
Batting: RHB Juan Zamora 0-0: Foul Ball, location: 2F
0-1: Ball
1-1: Called Strike
1-2: Ball
2-2: SINGLE (Groundball, 4S, EV 68.8 MPH) (infield hit)
Alex de Leon to second
Batting: RHB Juan Reyes 0-0: Ball
1-0: Ball
2-0: DOUBLE (Line Drive, 78D, EV 98.8 MPH)
Alex de Leon scores
Juan Zamora to third
Runner from 3rd tries for Home, throw by LF and OUT! 7-6-2
Juan Reyes to third
Batting: SHB Jaivata Mohanty 0-0: Foul Ball, location: 3F
0-1: Called Strike
0-2: Ball
1-2: Ball
2-2: Ball
3-2: Fly out, F8 (Flyball, 78D, EV 94.4 MPH)
Bottom of the 8th over - 1 run, 2 hits, 0 errors, 1 left on base; Sacramento 6 - Louisville 4
TOP OF THE 9TH
Sacramento River Cats batting - Pitching for Louisville Bats : RHP Cortez Laris
Batting: RHB Justin Bonner 0-0: Ball
1-0: Ground out 4-3 (Groundball, 4, EV 109.4 MPH)
Batting: RHB Paul Holland 0-0: Fly out, F7 (Flyball, 7D, EV 88.8 MPH)
Batting: LHB Mason Duffy 0-0: Ball
1-0: Ball
2-0: Ground out U3 (Groundball, 34S, EV 69.4 MPH)
Top of the 9th over - 0 runs, 0 hits, 0 errors, 0 left on base; Sacramento 6 - Louisville 4
BOTTOM OF THE 9TH
Louisville Bats batting - Pitching for Sacramento River Cats : RHP Chad Steffee
Pitching: RHP Jonathan Simi
Batting: LHB Jamie Spangenberg 0-0: Ball
1-0: Ball
2-0: Ball
3-0: Base on Balls
Pinch Hitting: LHB Leo Gomez 0-0: Ball
1-0: Ball
2-0: Ball
3-0: Base on Balls
Jamie Spangenberg to second
Batting: RHB Badr al Din Ridha 0-0: Bunted foul
0-1: Ball
1-1: Sac Bunt to 2R - play at first, batter OUT! 2-4
Jamie Spangenberg to third
Leo Gomez to second
Batting: LHB Jorge Zarazua 0-0: Ball
1-0: Ball
2-0: Foul Ball, location: 25FF
2-1: Ball
3-1: Called Strike
3-2: Strikes out looking
Pinch Hitting: SHB Bobby O'Leary 0-0: Fly out, F8 (Line Drive, 8LD, EV 86.9 MPH)
Bottom of the 9th over - 0 runs, 0 hits, 0 errors, 2 left on base; Sacramento 6 - Louisville 4
Friday, April 19th , 2024 - OOTP Baseball 24.11 Build 85